NCAA
PITTSBURGH PANTHERS @ TEXAS CHRISTIAN HORNED FROGS
04/27/2028
 
TOP OF THE 1ST
Pittsburgh Panthers batting - Pitching for Texas Christian Horned Frogs : RHP David Miller
Pitching: RHP David Miller
Batting: SHB Tim Mullen 0-0: Foul Ball, location: 2F
0-1: Swinging Strike
0-2: Ball
1-2: Strikes out swinging
Batting: RHB Phil Ford 0-0: Foul Ball, location: 2F
0-1: Ball
1-1: Ball
2-1: Swinging Strike
2-2: Foul Ball, location: 2F
2-2: Strikes out looking
Batting: RHB Henry Cahill 0-0: Foul Ball, location: 2F
0-1: Called Strike
0-2: Ball
1-2: Strikes out looking
Top of the 1st over - 0 run(s), 0 hit(s), 0 error(s), 0 left on base; Pittsburgh 0 - Texas Christian 0
BOTTOM OF THE 1ST
Texas Christian Horned Frogs batting - Pitching for Pittsburgh Panthers : RHP Bobby McCain
Pitching: RHP Bobby McCain
Batting: RHB Eric Adams 0-0: Ground out 6-3 (Groundball, 56)
Batting: RHB Jeff Byford 0-0: Ball
1-0: Called Strike
1-1: Ball
2-1: Foul Ball, location: 2F
2-2: Ground out 6-3 (Groundball, 56)
Batting: LHB Todd Gilliam 0-0: Swinging Strike
0-1: Ball
1-1: Ball
2-1: Foul Ball, location: 2F
2-2: Strikes out looking
Bottom of the 1st over - 0 run(s), 0 hit(s), 0 error(s), 0 left on base; Pittsburgh 0 - Texas Christian 0
TOP OF THE 2ND
Pittsburgh Panthers batting - Pitching for Texas Christian Horned Frogs : RHP David Miller
Batting: LHB Pablo Garza 0-0: Swinging Strike
0-1: Called Strike
0-2: Strikes out looking
Batting: LHB Todd Emery 0-0: Swinging Strike
0-1: Swinging Strike
0-2: Fly out, F8 (Flyball, 8LS)
Batting: LHB Harry Davis 0-0: Ball
1-0: Ball
2-0: Ball
3-0: Base on Balls
Batting: RHB Karl Stone 0-0: Ball
1-0: Ball
2-0: Called Strike
2-1: Ball
3-1: Foul Ball, location: 2F
3-2: SINGLE (Line Drive, 8LS)
Harry Davis to second
Harry Davis to third
Batting: LHB Brandon Davis 0-0: Fly out, F2 (Popup, 5S)
Top of the 2nd over - 0 run(s), 1 hit(s), 0 error(s), 2 left on base; Pittsburgh 0 - Texas Christian 0
BOTTOM OF THE 2ND
Texas Christian Horned Frogs batting - Pitching for Pittsburgh Panthers : RHP Bobby McCain
Batting: LHB Winston Lewis 0-0: Called Strike
0-1: Called Strike
0-2: Strikes out looking
Batting: SHB Ron Winston 0-0: Ball
1-0: Ball
2-0: Ball
3-0: Called Strike
3-1: SINGLE (Groundball, 3D)
Batting: RHB Stan Webb 0-0: Ball
1-0: Grounds into double play, 4-6-3 (Groundball, 4)
Bottom of the 2nd over - 0 run(s), 1 hit(s), 0 error(s), 0 left on base; Pittsburgh 0 - Texas Christian 0
TOP OF THE 3RD
Pittsburgh Panthers batting - Pitching for Texas Christian Horned Frogs : RHP David Miller
Batting: RHB Richard Cardoza 0-0: Ball
1-0: Foul Ball, location: 2F
1-1: Ball
2-1: Fly out, F8 (Flyball, 89M)
Batting: SHB Tim Mullen 0-0: Ball
1-0: Called Strike
1-1: Foul Ball, location: 2F
1-2: Strikes out swinging
Batting: RHB Phil Ford 0-0: Ball
1-0: Called Strike
1-1: Foul Ball, location: 2F
1-2: Ball
2-2: Strikes out swinging
Top of the 3rd over - 0 run(s), 0 hit(s), 0 error(s), 0 left on base; Pittsburgh 0 - Texas Christian 0
BOTTOM OF THE 3RD
Texas Christian Horned Frogs batting - Pitching for Pittsburgh Panthers : RHP Bobby McCain
Batting: LHB Axel Hall 0-0: Called Strike
0-1: Called Strike
0-2: Foul Ball, location: 2F
0-2: Foul Ball, location: 2F
0-2: Strikes out swinging
Batting: RHB Danny Wilson 0-0: Ball
1-0: Fly out, F9 (Flyball, 9)
Batting: SHB Pete Fields 0-0: SINGLE (Flyball, 7S)
Batting: RHB Eric Adams 0-0: Called Strike
0-1: Swinging Strike
0-2: Single, Error in OF, E7, batter to second base
Pete Fields to third
Batting: RHB Jeff Byford 0-0: Ball
1-0: Foul Ball, location: 2F
1-1: Swinging Strike
1-2: Ball
2-2: Ball
3-2: Foul Ball, location: 2F
3-2: Fly out, F8 (Flyball, 8RM)
Bottom of the 3rd over - 0 run(s), 2 hit(s), 1 error(s), 2 left on base; Pittsburgh 0 - Texas Christian 0
TOP OF THE 4TH
Pittsburgh Panthers batting - Pitching for Texas Christian Horned Frogs : RHP David Miller
Batting: RHB Henry Cahill 0-0: Called Strike
0-1: Ball
1-1: SOLO HOME RUN (Flyball, 7D), Distance : 391 ft
Batting: LHB Pablo Garza 0-0: Ball
1-0: Called Strike
1-1: Foul Ball, location: 2F
1-2: Foul Ball, location: 2F
1-2: SINGLE (Groundball, 3S) (infield hit)
Batting: LHB Todd Emery 0-0: Grounds into double play, 4-6-3 (Groundball, 4)
Batting: LHB Harry Davis 0-0: Ball
1-0: Ball
2-0: Called Strike
2-1: Ball
3-1: Fly out, F6 (Popup, 6MD)
Top of the 4th over - 1 run(s), 2 hit(s), 0 error(s), 0 left on base; Pittsburgh 1 - Texas Christian 0
BOTTOM OF THE 4TH
Texas Christian Horned Frogs batting - Pitching for Pittsburgh Panthers : RHP Bobby McCain
Batting: LHB Todd Gilliam 0-0: Foul Ball, location: 2F
0-1: Foul Ball, location: 2F
0-2: Ball
1-2: Foul Ball, location: 2F
1-2: DOUBLE (Line Drive, 9LM)
Batting: LHB Winston Lewis 0-0: Swinging Strike
0-1: Foul Ball, location: 2F
0-2: Foul Ball, location: 2F
0-2: Foul Ball, location: 2F
0-2: Ball
1-2: Ball
2-2: Foul Ball, location: 2F
2-2: Foul Ball, location: 2F
2-2: Foul Ball, location: 2F
2-2: Ball
3-2: Strikes out swinging
Batting: SHB Ron Winston 0-0: Ball
1-0: Swinging Strike
1-1: Ball
2-1: Foul Ball, location: 2F
2-2: Ball
3-2: Base on Balls
Batting: RHB Stan Webb 0-0: Foul Ball, location: 2F
0-1: Called Strike
0-2: Ball
1-2: Ball
2-2: Ball
3-2: Fly out, F4 (Popup, 4MD)
Batting: LHB Axel Hall 0-0: Called Strike
0-1: Ball
1-1: Ball
2-1: Ground out 6-3 (Groundball, 56)
Bottom of the 4th over - 0 run(s), 1 hit(s), 0 error(s), 2 left on base; Pittsburgh 1 - Texas Christian 0
TOP OF THE 5TH
Pittsburgh Panthers batting - Pitching for Texas Christian Horned Frogs : RHP David Miller
Batting: RHB Karl Stone 0-0: DOUBLE (Line Drive, 78M)
Batting: LHB Brandon Davis 0-0: Ball
1-0: Swinging Strike
1-1: Ball
2-1: Fly out, F9 (Flyball, 9S)
Batting: RHB Richard Cardoza 0-0: Ball
1-0: Ball
2-0: Called Strike
2-1: Ball
3-1: Base on Balls
Batting: SHB Tim Mullen 0-0: Called Strike
0-1: Ball
1-1: Foul Ball, location: 2F
1-2: Strikes out swinging
Batting: RHB Phil Ford 0-0: Ball
1-0: Called Strike
1-1: Ball
2-1: Foul Ball, location: 2F
2-2: Strikes out looking
Top of the 5th over - 0 run(s), 1 hit(s), 0 error(s), 2 left on base; Pittsburgh 1 - Texas Christian 0
BOTTOM OF THE 5TH
Texas Christian Horned Frogs batting - Pitching for Pittsburgh Panthers : RHP Bobby McCain
Batting: RHB Danny Wilson 0-0: SINGLE (Line Drive, 89S)
Batting: SHB Pete Fields 0-0: Foul Ball, location: 2F
0-1: Ball
1-1: Called Strike
1-2: Ground out U3 (Groundball, 23)
Danny Wilson to second
Batting: RHB Eric Adams 0-0: Ball
1-0: Ground out 6-3 (Groundball, 6)
Batting: RHB Jeff Byford 0-0: Called Strike
0-1: Ball
1-1: Ball
2-1: Foul Ball, location: 2F
2-2: SINGLE (Line Drive, 6MD)
Danny Wilson to third
Pitching: LHP Derrick Carter
Batting: LHB Todd Gilliam 0-0: Foul Ball, location: 2F
0-1: Ball
1-1: Fielders Choice at 2nd, 6-4 (Groundball, 6)
Bottom of the 5th over - 0 run(s), 2 hit(s), 0 error(s), 1 left on base; Pittsburgh 1 - Texas Christian 0
TOP OF THE 6TH
Pittsburgh Panthers batting - Pitching for Texas Christian Horned Frogs : RHP David Miller
Batting: RHB Henry Cahill 0-0: Called Strike
0-1: Called Strike
0-2: Foul Ball, location: 2F
0-2: Foul Ball, location: 2F
0-2: Foul Ball, location: 2F
0-2: Ball
1-2: Ground out 4-3 (Groundball, 4)
Pitching: RHP Troy Perkins
Batting: LHB Pablo Garza 0-0: Called Strike
0-1: Swinging Strike
0-2: Foul Ball, location: 2F
0-2: Ball
1-2: Ground out 4-3 (Groundball, 4)
Batting: LHB Todd Emery 0-0: Called Strike
0-1: Ball
1-1: Called Strike
1-2: Foul Ball, location: 2F
1-2: Strikes out swinging
Top of the 6th over - 0 run(s), 0 hit(s), 0 error(s), 0 left on base; Pittsburgh 1 - Texas Christian 0
BOTTOM OF THE 6TH
Texas Christian Horned Frogs batting - Pitching for Pittsburgh Panthers : LHP Derrick Carter
Batting: LHB Winston Lewis 0-0: Called Strike
0-1: Swinging Strike
0-2: Ball
1-2: Foul Ball, location: 2F
1-2: Strikes out swinging
Batting: SHB Ron Winston 0-0: Called Strike
0-1: Ball
1-1: Ball
2-1: Foul Ball, location: 2F
2-2: Fly out, F8 (Flyball, 8RM)
Batting: RHB Stan Webb 0-0: Ball
1-0: Ball
2-0: Called Strike
2-1: Ball
3-1: Base on Balls
Batting: LHB Axel Hall 0-0: Ball
1-0: Swinging Strike
1-1: Ball
2-1: Ball
3-1: Base on Balls
Stan Webb to second
Batting: RHB Danny Wilson 0-0: Ball
1-0: Fly out, F9 (Flyball, 9LM)
Bottom of the 6th over - 0 run(s), 0 hit(s), 0 error(s), 2 left on base; Pittsburgh 1 - Texas Christian 0
TOP OF THE 7TH
Pittsburgh Panthers batting - Pitching for Texas Christian Horned Frogs : RHP Troy Perkins
Batting: LHB Harry Davis 0-0: Foul Ball, location: 2F
0-1: Ball
1-1: Ball
2-1: Ball
3-1: Base on Balls
Batting: RHB Karl Stone 0-0: Ball
1-0: Ball
2-0: Called Strike
2-1: Ball
3-1: Called Strike
3-2: Foul Ball, location: 2F
3-2: Ground out 5-3 (Groundball, 56S)
Harry Davis to second
Batting: LHB Brandon Davis 0-0: 2-RUN HOME RUN (Flyball, 9LD), Distance : 347 ft
Pitching: LHP Richard Warren
Batting: RHB Richard Cardoza 0-0: Foul Ball, location: 2F
0-1: Foul Ball, location: 2F
0-2: Foul Ball, location: 2F
0-2: Strikes out looking
Batting: SHB Tim Mullen 0-0: Called Strike
0-1: Ball
1-1: Called Strike
1-2: Foul Ball, location: 2F
1-2: Strikes out swinging
Top of the 7th over - 2 run(s), 1 hit(s), 0 error(s), 0 left on base; Pittsburgh 3 - Texas Christian 0
BOTTOM OF THE 7TH
Texas Christian Horned Frogs batting - Pitching for Pittsburgh Panthers : LHP Derrick Carter
Batting: SHB Pete Fields 0-0: Foul Ball, location: 2F
0-1: Hit by Pitch
Batting: RHB Eric Adams 0-0: Ball
1-0: Foul Ball, location: 2F
1-1: Foul Ball, location: 2F
1-2: Strikes out swinging
Batting: RHB Jeff Byford 0-0: DOUBLE (Line Drive, 78D)
Pete Fields to third
Runner from 3rd tries for Home, SAFE, no throw
Batting: LHB Todd Gilliam 0-0: Fly out, F5 (Popup, 5L)
Batting: LHB Winston Lewis 0-0: Ball
1-0: Ball
2-0: Called Strike
2-1: Called Strike
2-2: Ball
3-2: Foul Ball, location: 2F
3-2: Foul Ball, location: 2F
3-2: Base on Balls
Pinch Hitting: RHB Eric Schroeder 0-0: Ball
1-0: Ball
2-0: Ball
3-0: Called Strike
3-1: Called Strike
3-2: Base on Balls
Jeff Byford to third
Winston Lewis to second
Batting: RHB Stan Webb 0-0: Called Strike
0-1: Ball
1-1: Ball
2-1: Ball
3-1: Fly out, F9 (Line Drive, 89M)
Bottom of the 7th over - 1 run(s), 1 hit(s), 0 error(s), 3 left on base; Pittsburgh 3 - Texas Christian 1
TOP OF THE 8TH
Pittsburgh Panthers batting - Pitching for Texas Christian Horned Frogs : LHP Richard Warren
Now at SS: Parker Gonzáles
Batting: RHB Phil Ford 0-0: Ball
1-0: Ball
2-0: SOLO HOME RUN (Line Drive, 7D), Distance : 398 ft
Batting: RHB Henry Cahill 0-0: Called Strike
0-1: Ball
1-1: Ball
2-1: Foul Ball, location: 2F
2-2: Foul Ball, location: 2F
2-2: SINGLE (Line Drive, 6MD)
Batting: LHB Pablo Garza 0-0: Ball
1-0: Foul Ball, location: 2F
1-1: Called Strike
1-2: Strikes out looking
Batting: LHB Todd Emery 0-0: Ball
1-0: Ball
2-0: Called Strike
2-1: Ball
3-1: Base on Balls
Henry Cahill to second
Batting: LHB Harry Davis 0-0: Called Strike
0-1: Ball
1-1: Swinging Strike
1-2: Ball
2-2: Ball
3-2: Base on Balls
Henry Cahill to third
Todd Emery to second
Batting: RHB Karl Stone 0-0: Called Strike
0-1: Ball
1-1: Swinging Strike
1-2: Strikes out swinging
Batting: LHB Brandon Davis 0-0: Ball
1-0: Called Strike
1-1: SINGLE (Line Drive, 6MD)
Henry Cahill scores
Todd Emery to third
Harry Davis to second
Pitching: LHP Bob Watkins
Batting: RHB Richard Cardoza 0-0: Called Strike
0-1: Ball
1-1: Swinging Strike
1-2: Fly out, F4 (Popup, 4MD)
Top of the 8th over - 2 run(s), 3 hit(s), 0 error(s), 3 left on base; Pittsburgh 5 - Texas Christian 1
BOTTOM OF THE 8TH
Texas Christian Horned Frogs batting - Pitching for Pittsburgh Panthers : LHP Derrick Carter
Batting: LHB Axel Hall 0-0: Called Strike
0-1: Fly out, F9 (Flyball, 89S)
Batting: RHB Danny Wilson 0-0: Fly out, F9 (Flyball, 9LMF)
Batting: SHB Pete Fields 0-0: Called Strike
0-1: Ball
1-1: Ground out 5-3 (Groundball, 56)
Bottom of the 8th over - 0 run(s), 0 hit(s), 0 error(s), 0 left on base; Pittsburgh 5 - Texas Christian 1
TOP OF THE 9TH
Pittsburgh Panthers batting - Pitching for Texas Christian Horned Frogs : LHP Bob Watkins
Batting: SHB Tim Mullen 0-0: Ball
1-0: Fly out, F9 (Flyball, 89S)
Batting: RHB Phil Ford 0-0: Called Strike
0-1: Foul Ball, location: 2F
0-2: Fly out, F7 (Flyball, 7)
Batting: RHB Henry Cahill 0-0: Ball
1-0: Ball
2-0: SINGLE (Line Drive, 4M)
Batting: LHB Pablo Garza 0-0: Ball
1-0: Ball
2-0: Foul Ball, location: 2F
2-1: Foul Ball, location: 2F
2-2: Ball
3-2: Base on Balls
Henry Cahill to second
Batting: LHB Todd Emery 0-0: Ball
1-0: Ball
2-0: Fly out, F9 (Flyball, 9LMF)
Top of the 9th over - 0 run(s), 1 hit(s), 0 error(s), 2 left on base; Pittsburgh 5 - Texas Christian 1
BOTTOM OF THE 9TH
Texas Christian Horned Frogs batting - Pitching for Pittsburgh Panthers : LHP Derrick Carter
Pitching: LHP Bill York
Batting: RHB Eric Adams 0-0: Foul Ball, location: 2F
0-1: Ball
1-1: SINGLE (Groundball, 6MD)
Batting: RHB Jeff Byford 0-0: Ball
1-0: Foul Ball, location: 2F
1-1: Foul Ball, location: 2F
1-2: Ball
2-2: Foul Ball, location: 2F
2-2: Foul Ball, location: 2F
2-2: Strikes out looking
Batting: LHB Todd Gilliam 0-0: Called Strike
0-1: Ball
1-1: Ball
2-1: Foul Ball, location: 2F
2-2: Foul Ball, location: 2F
2-2: Fly out, F2 (Popup, 23)
Batting: LHB Winston Lewis 0-0: Swinging Strike
0-1: Foul Ball, location: 2F
0-2: Ball
1-2: Ball
2-2: Foul Ball, location: 2F
2-2: Foul Ball, location: 2F
2-2: Strikes out swinging
Bottom of the 9th over - 0 run(s), 1 hit(s), 0 error(s), 1 left on base; Pittsburgh 5 - Texas Christian 1
Tuesday, August 8th, 2017 - OOTP Baseball 17.12 Build 75